[Event "Late-Titled-Tuesday-Blitz-March-12-2024"]
[Site "Chess.com"]
[Date "2024.03.12"]
[Round "5"]
[White "Flaccidmoves"]
[Black "tarno17"]
[Result "1-0"]
[WhiteElo "2415"]
[BlackElo "2212"]
[TimeControl "180+1"]
[EndTime "14:53:01 PDT"]
[Termination "Flaccidmoves won on time"]

1. e4 c5 2. a3 e6 3. b4 d5 4. e5 d4 5. bxc5 Bxc5 6. Qg4 g6 7. Nf3 h5 8. Qf4 Nh6 9. Bb2 Nc6 10. Bb5 Nf5 11.
O-O a6 12. Bxc6+ bxc6 13. d3 Rb8 14. Bc1 Be7 15. Ng5 Bxg5 16. Qxg5 Qxg5 17. Bxg5 c5 18. Nd2 Bd7 19. Ne4 Bc6 20. Nxc5 O-O 21. Rfb1 a5 22. h3 Ng7 23. Be7 Rfe8 24. Bd6 Nf5 25. Bxb8 1-0

[Event "Late-Titled-Tuesday-Blitz-March-12-2024"]
[Site "Chess.com"]
[Date "2024.03.12"]
[Round "5"]
[White "Andrei_Skvortsov"]
[Black "PelinGorki"]
[Result "1-0"]
[WhiteElo "2739"]
[BlackElo "2542"]
[TimeControl "180+1"]
[EndTime "14:53:06 PDT"]
[Termination "Andrei_Skvortsov won by resignation"]

1. c4 e5 2. Nc3 Nf6 3. g3 d5 4. cxd5 Nxd5 5. Bg2 Nb6 6. Nf3 Nc6 7. O-O Be6 8. Rb1 f6 9. a3 Qd7 10. b4 O-O-O 11.
Ne4 Bh3 12. Nc5 Qg4 13. Ne1 Bxg2 14. Nxg2 h5 15. f3 Qf5 16. Ne4 g5 17. d3 h4 18.
g4 Qg6 19. h3 Be7 20. Ne3 Nd4 21. Bb2 f5 22. Bxd4 fxe4 23. Bxe5 Rhe8 24. fxe4 Bf8 25. Rf6 Qh7 26. Bh2 Rxe4 27. Rxf8 Rxe3 28. Rxd8+ Kxd8 29. Qf1 Qe7 30. Rc1 Nd5 31. Rc2 c6 32. Qf5 Rxe2 33. Rxe2 Qxe2 34. Qxg5+ Kd7 35. Qf5+ Kd8 36. Qf8+ Kd7 37.
Qd6+ Kc8 38. Qb8+ Kd7 39. Qxb7+ Kd8 40. Qb8+ Kd7 41. Qd6+ 1-0

[Event "Late-Titled-Tuesday-Blitz-March-12-2024"]
[Site "Chess.com"]
[Date "2024.03.12"]
[Round "5"]
[White "Caisachess"]
[Black "zajka-molotok"]
[Result "1/2-1/2"]
[WhiteElo "2378"]
[BlackElo "2566"]
[TimeControl "180+1"]
[EndTime "14:53:10 PDT"]
[Termination "Game drawn - insufficient material"]

1. e4 c5 2. Nf3 Nc6 3. c3 d5 4.
exd5 Qxd5 5. d4 Nf6 6. Na3 cxd4 7. Nb5 Qd8 8. Nbxd4 Nxd4 9. Qxd4 Qxd4 10. Nxd4 Bd7 11.
Bb5 e5 12. Bxd7+ Kxd7 13. Nf5 g6 14. Bg5 Ke6 15. Bxf6 Kxf6 16. Ne3 Rd8 17. Ke2 Bc5 18. Rad1 Ke6 19. b4 Bxe3 20. Kxe3 f5 21. f3 b5 22. Rd3 Rxd3+ 23. Kxd3 Rd8+ 24. Ke3 f4+ 25. Ke2 Kf5 26. Rc1 Rc8 27. Kd3 Rc4 28. a4 a6 29.
axb5 axb5 30. Ra1 e4+ 31. fxe4+ Rxe4 32. Ra5 Re5 33. c4 g5 34. Rxb5 Rxb5 35. cxb5 Ke5 36. b6 Kd6 37. Ke4 Kc6 38. h4 gxh4 39. Kxf4 Kxb6 40.
Kg4 Kb5 41. Kxh4 Kxb4 42. Kh5 Kc4 43. Kh6 Kd4 44. Kxh7 Ke4 45. Kh6 Kf4 46. Kh5 Kg3 47. Kg5 Kxg2 1/2-1/2

[Event "Late-Titled-Tuesday-Blitz-March-12-2024"]
[Site "Chess.com"]
[Date "2024.03.12"]
[Round "5"]
[White "Redzishchess"]
[Black "SirStrateg"]
[Result "0-1"]
[WhiteElo "2524"]
[BlackElo "2655"]
[TimeControl "180+1"]
[EndTime "14:53:11 PDT"]
[Termination "SirStrateg won on time"]

1. d4 d6 2. Nf3 Bg4 3. Bf4 Nd7 4.
e3 e5 5. dxe5 dxe5 6. Bg3 e4 7.
Qd4 Ngf6 8. Ne5 Bc5 9. Qa4 Bf5 10.
Nc3 O-O 11. O-O-O Qe7 12. Nxd7 Bxd7 13. Qb3 Bc6 14. Bb5 Bxb5 15. Nxb5 c6 16. Bd6 Bxd6 17.
Nxd6 Nd5 18. Nf5 Qf6 19. g4 g6 20. Rhg1 gxf5 21. gxf5+ Kh8 22. Rg4 Qxf5 0-1

[Event "Late-Titled-Tuesday-Blitz-March-12-2024"]
[Site "Chess.com"]
[Date "2024.03.12"]
[Round "5"]
[White "JaackCamel"]
[Black "NovakRatko"]
[Result "0-1"]
[WhiteElo "2209"]
[BlackElo "2410"]
[TimeControl "180+1"]
[EndTime "14:53:11 PDT"]
[Termination "NovakRatko won on time"]

1. d4 d5 2. c4 c5 3. cxd5 Qxd5 4. dxc5 Qxd1+ 5. Kxd1 e5 6. Be3 Nc6 7. a3 a5 8. Nc3 Bf5 9. Nf3 O-O-O+ 10. Kc1 Nf6 11. h3 Nd4 12. Bxd4 exd4 13. Nb5 Bxc5 14. Ne5 Rhf8 15.
g4 Be4 16. f3 Bd5 17. b4 Bb6 18. Kb2 a4 19. Rc1+ Kb8 20. g5 Nh5 21. e4 dxe3 22.
Bd3 f6 23. gxf6 gxf6 24. Nc4 Bxf3 25. Rhf1 Rxd3 26. Rxf3 Rb3+ 27. Ka2 Rc8 28. Nxb6 Rxc1 0-1

[Event "Late-Titled-Tuesday-Blitz-March-12-2024"]
[Site "Chess.com"]
[Date "2024.03.12"]
[Round "5"]
[White "amiralfio"]
[Black "Englishman_18"]
[Result "1-0"]
[WhiteElo "2659"]
[BlackElo "2268"]
[TimeControl "180+1"]
[EndTime "14:53:12 PDT"]
[Termination "amiralfio won on time"]

1. e4 c5 2. Nc3 d6 3. Nf3 Nf6 4. Bb5+ Bd7 5. Bxd7+ Qxd7 6. d4 cxd4 7. Nxd4 a6 8. O-O Nc6 9. Re1 g6 10. Nd5 Qd8 11. Nxf6+ exf6 12. Nxc6 bxc6 13. Bf4 Be7 14.
Bh6 Bf8 15. Qd2 Qe7 16. Rad1 Rd8 17. h3 g5 18. Bxf8 Kxf8 19. Qa5 Ra8 20. Qb6 Qd7 21. e5 fxe5 22. Rxe5 f6 23. Rc5 Kg7 24. Rxc6 Qf5 25. Rcxd6 Rhe8 26. Rd7+ Kg6 27. Qb7 Rab8 28. Qa7 Ra8 29.
Qd4 Rab8 30. b3 Qxc2 31. Rd6 Qf5 32. Rd3 Re1+ 33. Kh2 1-0

[Event "Late-Titled-Tuesday-Blitz-March-12-2024"]
[Site "Chess.com"]
[Date "2024.03.12"]
[Round "5"]
[White "ATM622"]
[Black "DonBroca"]
[Result "1-0"]
[WhiteElo "2483"]
[BlackElo "2239"]
[TimeControl "180+1"]
[EndTime "14:53:13 PDT"]
[Termination "ATM622 won by resignation"]

1. d4 Nf6 2. c4 e6 3. g3 Be7 4.
Bg2 O-O 5. Nf3 b6 6. O-O Bb7 7.
Nc3 d5 8. Qc2 Nbd7 9. b3 Rc8 10.
Bb2 c5 11. dxc5 Nxc5 12. cxd5 Nxd5 13. Rfd1 Qc7 14. Nb5 Qb8 15. Be5 Qa8 16. Bd6 Bxd6 17. Nxd6 Rc6 18. Ng5 g6 19. Nxb7 Qxb7 20. Rac1 Rfc8 21.
Qb1 Qe7 22. Nf3 Qf6 23. Nd4 R6c7 24. e4 Nb4 25. Nb5 Nbd3 26. Rc2 Rd7 27. Rcd2 Rcd8 28. Qa1 Qxa1 29. Rxa1 Ne5 30. Rxd7 Rxd7 31. f4 Ned3 32.
Rd1 a6 33. Na3 Nb4 34. Rxd7 Nxd7 35. e5 Nxa2 36. Bc6 Nc1 37. Bxd7 Nxb3 38. Nc4 Nc5 39. Nxb6 a5 40. Bb5 Kf8 41. Kf2 Ke7 42. Ke3 f5 43. Kd4 Nb3+ 44. Kc3 Nc1 45. Bc4 a4 46. Kc2 Ne2 47. Bxe2 a3 48. Bc4 a2 49. Bxa2 h5 1-0

[Event "Late-Titled-Tuesday-Blitz-March-12-2024"]
[Site "Chess.com"]
[Date "2024.03.12"]
[Round "5"]
[White "ameetghasi100"]
[Black "ValeriyGrinev"]
[Result "0-1"]
[WhiteElo "2803"]
[BlackElo "2606"]
[TimeControl "180+1"]
[EndTime "14:53:15 PDT"]
[Termination "ValeriyGrinev won by resignation"]

1. Nf3 c5 2. e3 Nf6 3. b3 g6 4.
Bb2 Bg7 5. c4 O-O 6. Be2 d5 7.
cxd5 Qxd5 8. Nc3 Qf5 9. Rc1 Nc6 10. Na4 b6 11. d4 Ne4 12. O-O Bb7 13. Bd3 cxd4 14. exd4 Qd5 15. Re1 Ng5 16. Nxg5 Qxg5 17. Be4 Rac8 18. Qf3 Nxd4 19. Qd3 Bxe4 20. Qxe4 Ne6 21.
Qb7 Rxc1 22. Bxc1 Qa5 23. Rd1 b5 24. Bd2 Rd8 25. Rf1 Rxd2 26. Qxe7 0-1

[Event "Late-Titled-Tuesday-Blitz-March-12-2024"]
[Site "Chess.com"]
[Date "2024.03.12"]
[Round "5"]
[White "lluiss"]
[Black "thesupera12"]
[Result "0-1"]
[WhiteElo "2244"]
[BlackElo "2445"]
[TimeControl "180+1"]
[EndTime "14:53:15 PDT"]
[Termination "thesupera12 won on time"]

1. Nf3 e5 2. Nxe5 Qf6 3. Nf3 g5 4. h3 h5 5. d4 Bh6 6. Nc3 g4 7.
hxg4 hxg4 8. Ne5 Bd2+ 9. Bxd2 g3 10. fxg3 Rxh1 11. Nf3 Nc6 12. Bg5 Qg6 13. Qd2 d6 14. O-O-O f6 15. Bf4 Bg4 16. e4 O-O-O 17. Re1 Qh5 18. d5 Bxf3 19. dxc6 Bg4 20. cxb7+ Kb8 21. Be3 Ne7 22. a4 Nc6 23. Nb5 a6 24. Nd4 Nxd4 25.
Qxd4 Qc5 26. Qxf6 Qb4 27. Qxd8+ Kxb7 28. Bd2 Qxa4 29. Kb1 Be6 30. c4 Bxc4 31. Bxc4 Rxe1+ 32. Bxe1 Qxc4 33. Bc3 Qxe4+ 34. Ka2 Qd5+ 35. Ka1 Qxg2 36. Ka2 Qxg3 37. Qe7 Qf3 38. Ka1 Qd1+ 39. Ka2 Qd5+ 40. Ka1 Kc6 0-1

[Event "Late-Titled-Tuesday-Blitz-March-12-2024"]
[Site "Chess.com"]
[Date "2024.03.12"]
[Round "5"]
[White "rikchessmx"]
[Black "Cuchulin"]
[Result "0-1"]
[WhiteElo "2281"]
[BlackElo "2062"]
[TimeControl "180+1"]
[EndTime "14:53:16 PDT"]
[Termination "Cuchulin won on time"]

1. e3 c5 2. c4 e6 3. Nc3 d5 4.
Nf3 d4 5. exd4 cxd4 6. Nb5 Nc6 7. d3 e5 8. Na3 Bxa3 9. bxa3 Nf6 10. Be2 O-O 11. O-O b6 12. Bd2 Bb7 13. Bb4 Nxb4 14. axb4 Qd6 15. a3 Rad8 16. Re1 Rfe8 17. Rc1 Nd7 18. Nd2 a5 19. Qb3 axb4 20. axb4 Re6 21. Bf3 Bxf3 22. Nxf3 Rg6 23. c5 Qc6 24. Kf1 bxc5 25.
bxc5 Rc8 26. Qc4 h6 27. Re2 Re6 28. Ra2 e4 29. dxe4 Qxe4 30. Qb5 Nxc5 0-1

[Event "Late-Titled-Tuesday-Blitz-March-12-2024"]
[Site "Chess.com"]
[Date "2024.03.12"]
[Round "5"]
[White "Byniolus"]
[Black "Resignify"]
[Result "1-0"]
[WhiteElo "2783"]
[BlackElo "2260"]
[TimeControl "180+1"]
[EndTime "14:53:17 PDT"]
[Termination "Byniolus won by resignation"]

1. g3 Nf6 2. d3 g6 3. e3 Bg7 4. f3 O-O 5. c3 d6 6. b3 Nbd7 7. a3 a6 8. h3 b6 9. Ne2 Bb7 10. Bg2 Ne5 11. O-O c5 12. e4 e6 13.
d4 cxd4 14. cxd4 Nc6 15. Be3 Ne8 16. Ra2 f5 17. Nf4 Qe7 18. d5 exd5 19. Nxd5 Qf7 20. Bxb6 Ne5 21. f4 Nd7 22. exf5 Nxb6 23. fxg6 hxg6 24.
Nxb6 Bxg2 25. Rxg2 Rb8 26. Nd5 Nf6 27. Nbc3 Qa7+ 28. Kh2 Qc5 29. b4 Qc4 30. Nxf6+ Rxf6 31. Qd5+ Qxd5 32. Nxd5 Rf5 33. Ne7+ 1-0

[Event "Late-Titled-Tuesday-Blitz-March-12-2024"]
[Site "Chess.com"]
[Date "2024.03.12"]
[Round "5"]
[White "ferdipy"]
[Black "GWR2024"]
[Result "0-1"]
[WhiteElo "2312"]
[BlackElo "2170"]
[TimeControl "180+1"]
[EndTime "14:53:17 PDT"]
[Termination "GWR2024 won by checkmate"]

1. e4 e5 2. Nf3 d5 3. Nxe5 Bd6 4. d4 dxe4 5. Bf4 Nf6 6. Nc3 O-O 7. h3 Nc6 8. Bc4 Qe7 9. Nxc6 bxc6 10. Bg5 h6 11. Be3 Rb8 12. Bb3 c5 13. O-O cxd4 14. Bxd4 c5 15.
Be3 Be6 16. Qe2 c4 17. Bxc4 Rxb2 18. Bb3 Be5 19. Bd2 Bxb3 20. axb3 Rxc2 21. Rac1 Rb2 22. Nd1 Rxb3 23. Be3 a5 24. Qa6 Rfb8 25. Qxa5 Qe6 26. Qa7 Bd6 27. Qd4 Be5 28. Qd2 Rd3 29. Qe2 Bd6 30.
Nc3 Rxc3 31. Rxc3 Qe5 32. Rc2 Qh2# 0-1

[Event "Late-Titled-Tuesday-Blitz-March-12-2024"]
[Site "Chess.com"]
[Date "2024.03.12"]
[Round "5"]
[White "Sanan_Sjugirov"]
[Black "BardArtem"]
[Result "0-1"]
[WhiteElo "2980"]
[BlackElo "2754"]
[TimeControl "180+1"]
[EndTime "14:53:18 PDT"]
[Termination "BardArtem won by resignation"]

1. e4 d5 2. exd5 Qxd5 3. Nc3 Qe5+ 4. Be2 Bg4 5. d4 Bxe2 6. Ngxe2 Qa5 7. O-O Nf6 8. Qd3 c6 9. b4 Qd8 10. b5 e6 11. bxc6 Nxc6 12. Rb1 Qd7 13. Qg3 g6 14. Nb5 Rc8 15. c4 a6 16. Nbc3 Bg7 17. Ba3 Na5 18.
d5 Nxc4 19. dxe6 fxe6 20. Rfd1 Qf7 21. Bb4 a5 22. Bd6 Nh5 23. Qd3 Qd7 24. Ne4 Nf6 25.
Nc5 Qxd6 26. Qxc4 Rxc5 27. Rxd6 Rxc4 28. Rxb7 O-O 29. Rxe6 Re4 30. Rxe4 Nxe4 31. f3 Nc3 0-1

[Event "Late-Titled-Tuesday-Blitz-March-12-2024"]
[Site "Chess.com"]
[Date "2024.03.12"]
[Round "5"]
[White "KyronGriffith"]
[Black "pooh2012"]
[Result "1-0"]
[WhiteElo "2691"]
[BlackElo "2537"]
[TimeControl "180+1"]
[EndTime "14:53:18 PDT"]
[Termination "KyronGriffith won by resignation"]

1. e4 c6 2. d4 d5 3. e5 Bf5 4. h4 h5 5. Bd3 Bxd3 6. Qxd3 Qa5+ 7.
Nd2 Qa6 8. Qxa6 Nxa6 9. c3 e6 10. Ne2 Ne7 11. b4 Nc7 12. Nb3 Nf5 13. Bg5 Be7 14.
Bxe7 Kxe7 15. g3 b6 16. Kd2 Rhb8 17. Rhb1 Rb7 18. a4 Rab8 19. a5 Nb5 20. axb6 axb6 21.
Ra4 Ra7 22. Rxa7+ Nxa7 23. Ra1 Rb7 24. Nf4 g6 25. Nh3 Nb5 26. Ng5 Ra7 27. Rxa7+ Nxa7 28. Nc1 Nb5 29. Nd3 Na3 30. Nf4 Nc4+ 31. Kc2 Nh6 32. Nd3 Ng4 33. Kb3 Nd2+ 34. Kc2 Ne4 35.
Nh3 Nh6 36. Kb3 Kd7 37. Kc2 Kc7 38. Nc1 Kb7 39. Ne2 Ka6 40. f3 1-0

[Event "Late-Titled-Tuesday-Blitz-March-12-2024"]
[Site "Chess.com"]
[Date "2024.03.12"]
[Round "5"]
[White "miraitrunks"]
[Black "IPAchess"]
[Result "0-1"]
[WhiteElo "2173"]
[BlackElo "2346"]
[TimeControl "180+1"]
[EndTime "14:53:21 PDT"]
[Termination "IPAchess won by resignation"]

1. e4 e5 2. Nf3 Nc6 3. d4 exd4 4. Nxd4 Nf6 5. Nxc6 bxc6 6. Bd3 d6 7. O-O Be7 8.
Bg5 O-O 9. Nc3 Rb8 10. b3 h6 11. Bh4 Be6 12. Qe2 Ng4 13. Bg3 Bf6 14. e5 Nxe5 15.
Ne4 Nxd3 16. Nxf6+ Qxf6 17. Qxd3 Rfe8 18. Rfe1 Bf5 19.
Qd2 Qb2 20. Qa5 Qxc2 21. Qxc7 Qd2 22. Red1 Qc2 23. Rxd6 Rbc8 24. Qxa7 Re2 25. h3 Rce8 26. Qd4 Be4 27. Rd8 Rxd8 28. Qxd8+ Kh7 29. Rd1 Bd5 30.
Rd4 Qxa2 31. Rg4 Qxb3 32. Qf8 Qc3 33. Qc8 Be6 34. Qc7 Bxg4 35. hxg4 Re6 0-1

[Event "Late-Titled-Tuesday-Blitz-March-12-2024"]
[Site "Chess.com"]
[Date "2024.03.12"]
[Round "5"]
[White "corvachesky"]
[Black "BebeBonito2022"]
[Result "1-0"]
[WhiteElo "2505"]
[BlackElo "2306"]
[TimeControl "180+1"]
[EndTime "14:53:22 PDT"]
[Termination "corvachesky won on time"]

1. Nf3 Nc6 2. d4 d5 3. g3 Bf5 4.
Bg2 e6 5. c4 Bb4+ 6. Bd2 Nf6 7.
Bxb4 Nxb4 8. Qa4+ Nc6 9. Ne5 O-O 10. Nxc6 bxc6 11. Qxc6 Rb8 12. b3 Rb6 13. Qa4 Be4 14. Bxe4 Nxe4 15. c5 Rb8 16. Nd2 Nxd2 17. Kxd2 Qg5+ 18.
e3 e5 19. Rae1 Qf5 20. Rhf1 a5 21. h4 Rb4 22. Qxa5 Rfb8 23. Kc3 R4b5 24. Qxc7 exd4+ 25. exd4 Qf6 26. Qe5 Qc6 27. Re3 1-0

[Event "Late-Titled-Tuesday-Blitz-March-12-2024"]
[Site "Chess.com"]
[Date "2024.03.12"]
[Round "5"]
[White "emeli_chess"]
[Black "dodorox"]
[Result "1-0"]
[WhiteElo "2385"]
[BlackElo "2153"]
[TimeControl "180+1"]
[EndTime "14:53:24 PDT"]
[Termination "emeli_chess won by resignation"]

1. d4 Nf6 2. c4 e6 3. Nc3 d5 4. cxd5 exd5 5. Bg5 Be7 6. e3 h6 7.
Bh4 c6 8. Bd3 Nbd7 9. Qc2 Nh5 10.
Bxe7 Qxe7 11. Nge2 Nhf6 12. O-O O-O 13. Rae1 Re8 14. Ng3 Nf8 15. f3 Qd6 16. Nf5 Bxf5 17. Bxf5 Re7 18. Qd2 Rae8 19. Bb1 Rd8 20. a3 c5 21. dxc5 Qxc5 22. Qd4 Qxd4 23. exd4 Rxe1 24. Rxe1 Ne6 25. Rd1 Rd7 26. Kf2 Kf8 27. Bf5 Ke7 28. Re1 a6 29. h4 Kd6 30. Bxe6 fxe6 31. Ne2 Re7 32. Nf4 e5 33. Ng6 1-0

[Event "Late-Titled-Tuesday-Blitz-March-12-2024"]
[Site "Chess.com"]
[Date "2024.03.12"]
[Round "5"]
[White "grandcoach"]
[Black "ploxoi"]
[Result "1-0"]
[WhiteElo "2224"]
[BlackElo "2402"]
[TimeControl "180+1"]
[EndTime "14:53:25 PDT"]
[Termination "grandcoach won by checkmate"]

1. e4 c6 2. d4 d5 3. e5 c5 4.
dxc5 Nc6 5. Nf3 Bg4 6. h3 Bxf3 7. Qxf3 Nxe5 8. Bb5+ Nc6 9. c4 e6 10. Be3 Nf6 11. Nc3 Be7 12. Rd1 Qa5 13. O-O a6 14.
cxd5 Nxd5 15. Bxc6+ bxc6 16. Ne4 O-O 17. a3 Rab8 18.
Rd2 Rb3 19. Rfd1 Nxe3 20. fxe3 Bxc5 21. Nxc5 Qxc5 22. Kf2 h6 23. Qe4 Qf5+ 24. Qxf5 exf5 25. Rc1 Rfb8 26. Rxc6 Rxb2 27. Rxb2 Rxb2+ 28. Kf3 a5 29.
Rc5 a4 30. Rc4 g5 31. Rxa4 Kg7 32. Ra6 Rb3 33. Kf2 f6 34. g4 f4 35. exf4 Rxh3 36.
f5 Rh2+ 37. Kg3 Ra2 38. Ra7+ Kg8 39. a4 Ra3+ 40. Kf2 h5 41. gxh5 Rh3 42. a5 Rxh5 43.
a6 Rh2+ 44. Kg3 Ra2 45. Kg4 Ra5 46. Kh5 Rxf5 47. Kg6 Kf8 48. Kxf5 Ke8 49. Kxf6 g4 50. Rg7 g3 51. a7 g2 52. a8=Q# 1-0

[Event "Late-Titled-Tuesday-Blitz-March-12-2024"]
[Site "Chess.com"]
[Date "2024.03.12"]
[Round "5"]
[White "Jahonas"]
[Black "santosalberto1987"]
[Result "0-1"]
[WhiteElo "2320"]
[BlackElo "2549"]
[TimeControl "180+1"]
[EndTime "14:53:26 PDT"]
[Termination "santosalberto1987 won by resignation"]

1. e4 e6 2. d4 d5 3. Nc3 Nf6 4.
e5 Nfd7 5. Nce2 c5 6. c3 Nc6 7. Nf3 b5 8. a3 a5 9. Be3 Ba6 10. dxc5 Bxc5 11. Bxc5 Nxc5 12. Ned4 Nxd4 13. cxd4 Ne4 14.
Bd3 O-O 15. O-O Qb6 16. Qe2 Rfd8 17. Bxe4 dxe4 18. Qxe4 Bb7 19. Qf4 Bxf3 20. Qxf3 Qxd4 21. Qe2 Rd5 22. Rfe1 Rad8 23. g3 Qd2 24. Rac1 Qxe2 25. Rxe2 g5 26. Kg2 Rd2 27. Rc2 Rxe2 28. Rxe2 Rd3 29.
Rc2 Rb3 30. f4 gxf4 31. gxf4 Kg7 32. Kg1 Kg6 33. Rg2+ Kf5 34. Rg7 Kxf4 35. Rxh7 Kxe5 36. Rxf7 Rxb2 37. Rb7 Kf4 38. Kf1 b4 39. axb4 axb4 40. Ke1 e5 41. Kd1 e4 42. Kc1 Rxh2 43. Rxb4 Kf3 44.
Rb8 e3 45. Rf8+ Ke2 46. Kc2 Rh7 47. Rc8 Rf7 48. Rc6 Kf2 49. Re6 e2 50. Kd2 Rd7+ 0-1

[Event "Late-Titled-Tuesday-Blitz-March-12-2024"]
[Site "Chess.com"]
[Date "2024.03.12"]
[Round "5"]
[White "Fore_Man"]
[Black "shirovin"]
[Result "1-0"]
[WhiteElo "2308"]
[BlackElo "2047"]
[TimeControl "180+1"]
[EndTime "14:53:29 PDT"]
[Termination "Fore_Man won on time"]

1. Nf3 Nf6 2. d4 g6 3. c4 Bg7 4. g3 c6 5. Bg2 d5 6. cxd5 cxd5 7.
O-O O-O 8. Nc3 Ne4 9. Bf4 Nxc3 10.
bxc3 Bf5 11. Qb3 Bc8 12. Ne5 e6 13. e4 dxe4 14. Bxe4 Nd7 15. Nxd7 Qxd7 16. Rab1 h6 17. Bxb7 Bxb7 18. Qxb7 Qxb7 19. Rxb7 Rfc8 20. Rc1 g5 21. Be3 Rc4 22. Kf1 a5 23. Ke2 a4 24. Kd3 Rac8 25.
Rb4 Rxb4 26. cxb4 Rb8 27. Rb1 Bf8 28. b5 Bd6 29. b6 Rb7 30. Kc4 a3 31. Kb5 Bb8 32.
Kc6 Re7 33. Rb3 e5 34. d5 f5 35. d6 Re6 36. Bc5 e4 37. Rxa3 f4 38. Ra8 Re8 39.
Rxb8 Rxb8 40. d7 1-0

[Event "Late-Titled-Tuesday-Blitz-March-12-2024"]
[Site "Chess.com"]
[Date "2024.03.12"]
[Round "5"]
[White "Herman-NY"]
[Black "ChessSwole"]
[Result "1-0"]
[WhiteElo "2549"]
[BlackElo "2693"]
[TimeControl "180+1"]
[EndTime "14:53:30 PDT"]
[Termination "Herman-NY won by checkmate"]

1. e4 c6 2. d4 d5 3. e5 Bf5 4. h4 h5 5. c4 e6 6. Nc3 Ne7 7. Nge2 Bg4 8. Qb3 Qd7 9. c5 Bxe2 10.
Bxe2 Nc8 11. Qa4 b6 12. b4 b5 13. Nxb5 Be7 14. Nc3 g6 15. Be3 O-O 16. g4 hxg4 17.
Bxg4 f5 18. exf6 Bxf6 19. Qc2 Ne7 20. Ne2 Nf5 21. Nf4 Bxd4 22. Bxf5 Rxf5 23. Bxd4 e5 24. Nxg6 Rh5 25. Nxe5 Qe6 26. Rg1+ Kf8 27. f4 a5 28. b5 cxb5 29. O-O-O Na6 30. Rg6 Qh3 31. Rdg1 Nb4 32. Rg8+ Ke7 33. R1g7+ Ke6 34. Qg6# 1-0

[Event "Late-Titled-Tuesday-Blitz-March-12-2024"]
[Site "Chess.com"]
[Date "2024.03.12"]
[Round "5"]
[White "simaopdias"]
[Black "PapaieDudu"]
[Result "1-0"]
[WhiteElo "2270"]
[BlackElo "2432"]
[TimeControl "180+1"]
[EndTime "14:53:33 PDT"]
[Termination "simaopdias won by resignation"]

1. e4 c5 2. Nf3 d6 3. d4 cxd4 4.
Nxd4 Nf6 5. Nc3 a6 6. Be3 e6 7. Be2 b5 8. f4 Bb7 9. Bf3 b4 10. e5 Nd5 11. Nxd5 exd5 12. O-O Nd7 13. exd6 Bxd6 14.
Nf5 Qf6 15. Nxd6+ Qxd6 16. Bd4 O-O 17. Qd2 Nb6 18. b3 Rac8 19. Rad1 Nd7 20. Kh1 Rfd8 21.
Bg4 Rc7 22. Qf2 Nf6 23. Bf5 Ne4 24. Qh4 h6 25. Be5 Qe7 26. Qg4 Nf6 27. Qh4 Rxc2 28. Bxc2 Qc5 29. Bd3 d4 30. Bxf6 Rd6 31. Be7 Qd5 32.
Qg3 Rc6 33. Bxb4 Re6 34. Bc4 Qe4 35. Bxe6 fxe6 36. Qf2 d3 37. Bc3 Bd5 38. Rfe1 Qg6 39. Kg1 Kh7 40. Rd2 a5 41. Qd4 h5 42. Qxd3 Qxd3 43.
Rxd3 Kg6 44. Rxd5 exd5 45. Re5 1-0

[Event "Late-Titled-Tuesday-Blitz-March-12-2024"]
[Site "Chess.com"]
[Date "2024.03.12"]
[Round "5"]
[White "Marcan2b"]
[Black "Meri-Arabidze"]
[Result "1-0"]
[WhiteElo "2937"]
[BlackElo "2709"]
[TimeControl "180+1"]
[EndTime "14:53:34 PDT"]
[Termination "Marcan2b won on time"]

1. e4 e5 2. Nf3 Nc6 3. Bb5 a6 4. Ba4 Nf6 5. Nc3 d6 6. Bxc6+ bxc6 7. d4 exd4 8. Nxd4 Bd7 9. Qf3 Be7 10. e5 dxe5 11.
Nxc6 Bxc6 12. Qxc6+ Nd7 13. Be3 O-O 14. O-O-O Bd6 15. Ne4 Nf6 16. Bg5 Rb8 17. Rd3 Rb6 18.
Qc4 Rb4 19. Qxb4 Bxb4 20. Rxd8 Rxd8 21. Nxf6+ gxf6 22. Bxf6 Rd2 23. a3 Rxf2 24. Bxe5 Bd2+ 25. Kb1 Rxg2 26. Bxc7 a5 27. c4 a4 28. c5 Be3 29.
c6 Bd4 30. Rd1 Rxb2+ 31. Kc1 Bf6 32. Bg3 Rb3 33. c7 Rc3+ 34. Kd2 Rc6 35. Bf4 Be7 36. Rc1 1-0

[Event "Late-Titled-Tuesday-Blitz-March-12-2024"]
[Site "Chess.com"]
[Date "2024.03.12"]
[Round "5"]
[White "nj123456"]
[Black "noblerone"]
[Result "1-0"]
[WhiteElo "2472"]
[BlackElo "2581"]
[TimeControl "180+1"]
[EndTime "14:53:34 PDT"]
[Termination "nj123456 won by checkmate"]

1. e4 c5 2. c3 Nf6 3. e5 Nd5 4.
d4 cxd4 5. Nf3 e6 6. cxd4 d6 7.
Bc4 Be7 8. Qe2 b6 9. O-O O-O 10. Nc3 Nxc3 11. bxc3 Bb7 12. Bf4 Nc6 13. Rad1 Rc8 14.
h4 Na5 15. Bd3 Rxc3 16. Ng5 h6 17. exd6 Bxd6 18. Nxe6 Qxh4 19. Bxd6 Re8 20. Bg3 Qf6 21.
Qd2 Rxd3 22. Qxd3 Qxe6 23. d5 Qg4 24. Rfe1 Rd8 25. d6 Nc6 26. d7 g6 27. Re8+ Kh7 28.
Rxd8 Nxd8 29. Qd4 Qe6 30. f3 Qxa2 31. Bc7 Ne6 32. Qf6 Nxc7 33. d8=Q Bd5 34. Qdh8# 1-0

[Event "Late-Titled-Tuesday-Blitz-March-12-2024"]
[Site "Chess.com"]
[Date "2024.03.12"]
[Round "5"]
[White "AlexeiShirov"]
[Black "CaspiIsrael"]
[Result "1-0"]
[WhiteElo "2871"]
[BlackElo "2687"]
[TimeControl "180+1"]
[EndTime "14:53:35 PDT"]
[Termination "AlexeiShirov won by resignation"]

1. e4 e5 2. Nf3 Nf6 3. Nxe5 d6 4. Nf3 Nxe4 5. d4 d5 6. Bd3 Bd6 7. O-O O-O 8. c4 c6 9. Qc2 Na6 10. a3 Bf5 11. Nc3 Re8 12. c5 Bb8 13. Re1 Nxc3 14. Bxf5 Rxe1+ 15. Nxe1 Ne4 16. Bxe4 dxe4 17. Qxe4 Nc7 18.
Nf3 Ne6 19. Be3 Bc7 20. b4 Qd7 21. Rd1 Rd8 22. h4 a5 23. g3 h6 24. Kg2 Re8 25. Ne5 Bxe5 26. Qxe5 axb4 27. axb4 Ng5 28. Qf4 Qd5+ 29.
f3 Nxf3 30. Qxf3 Rxe3 31. Qxd5 cxd5 32. b5 Kf8 33. Ra1 Rb3 34. b6 Rd3 35. Ra7 Rxd4 36. c6 bxc6 37. b7 Rb4 38. Ra8+ Ke7 39. b8=Q Rxb8 40.
Rxb8 c5 41. Kf3 g6 42. Rb7+ Ke6 43. g4 h5 44. gxh5 gxh5 45. Kf4 c4 46. Rb6+ Ke7 47.
Ke5 c3 48. Kxd5 c2 49. Rc6 1-0

[Event "Late-Titled-Tuesday-Blitz-March-12-2024"]
[Site "Chess.com"]
[Date "2024.03.12"]
[Round "5"]
[White "Durarbayli"]
[Black "sergiochess83"]
[Result "0-1"]
[WhiteElo "2992"]
[BlackElo "2908"]
[TimeControl "180+1"]
[EndTime "14:53:39 PDT"]
[Termination "sergiochess83 won on time"]

1. e4 e6 2. d4 d5 3. e5 c5 4. c3 Nc6 5. Nf3 Bd7 6. Be2 Nge7 7. O-O Ng6 8. g3 f6 9. exf6 Qxf6 10. Bg5 Qf7 11. h4 h6 12. Be3 cxd4 13. Nxd4 Bd6 14.
Bh5 O-O 15. Nd2 Nce7 16. f4 Qf6 17. N2f3 e5 18. fxe5 Nxe5 19. Bf4 Nxf3+ 20. Rxf3 Bxf4 21. Rxf4 Qe5 22. Qe1 Qxh5 23. Qxe7 Rxf4 24. gxf4 Qg4+ 25. Kh1 Re8 26. Qd6 Qxh4+ 27. Kg2 Bh3+ 28. Kh2 Bf5+ 29. Kg1 Qg3+ 30. Kf1 Bd3+ 0-1

[Event "Late-Titled-Tuesday-Blitz-March-12-2024"]
[Site "Chess.com"]
[Date "2024.03.12"]
[Round "5"]
[White "SlavenPastar"]
[Black "Iljiushenok_Ilya"]
[Result "0-1"]
[WhiteElo "2579"]
[BlackElo "2783"]
[TimeControl "180+1"]
[EndTime "14:53:39 PDT"]
[Termination "Iljiushenok_Ilya won by resignation"]

1. b3 c5 2. Bb2 Nc6 3. Nf3 Nf6 4. e3 e6 5. d4 d5 6. Be2 Be7 7. O-O O-O 8. dxc5 Bxc5 9. c4 Qe7 10. cxd5 exd5 11. Nc3 Rd8 12. Nb5 Ne4 13. Nbd4 Bd7 14. Rc1 Bb6 15. Qc2 Rac8 16. Qb1 Nxd4 17. exd4 Nd2 18. Nxd2 Qxe2 19. Nf3 Qe4 20. Rxc8 Rxc8 21. Ne5 Bf5 22. Qxe4 Bxe4 23. f3 Bf5 24. g4 Rc2 25.
Rf2 Rxb2 26. Rxb2 Bxd4+ 27. Rf2 Bxe5 28. Kg2 Be6 29. f4 Bd4 30. Rd2 Be3 31. Re2 d4 32.
Kf3 Bd5+ 33. Kg3 Be4 0-1